 Dungeon Crawl Stone Soup version 0.20.1-1-g8b1a95d (webtiles) character file.

15197 robertstho the Severer (level 11, -28/157 HPs)
             Began as a Minotaur Berserker on July 25, 2017.
             Was an Elder of Trog.
             Annihilated by a titanic slime creature (58 damage)
             ... on level 13 of the Dungeon.
             The game lasted 00:35:21 (10327 turns).

robertstho the Severer (Minotaur Berserker)        Turns: 10327, Time: 00:35:22

Health: -28/157    AC: 17    Str: 27    XL:     11   Next: 98%
Magic:  0/10       EV: 11    Int:  5    God:    Trog [****..]
Gold:   798        SH:  0    Dex: 12    Spells: 10/10 levels left

rFire    + + .     SeeInvis .   V - +7 battleaxe of Ruwyrhoh {holy, rF+}
rCold    . . .     Gourm    .   (shield currently unavailable)
rNeg     . . .     Faith    .   h - +0 chain mail
rPois    +         Spirit   +   X - +2 hat
rElec    .         Reflect  .   (no cloak)
rCorr    .         Harm     .   r - +0 pair of gloves
MR       ++...                  U - +1 pair of boots
Stlth    ..........             s - amulet of guardian spirit
Regen    1.4/turn               f - ring of protection from fire
MPRegen  0.2/turn               Y - ring of poison resistance

@: berserking (expiring), regenerating, very quick
A: retaliatory headbutt, horns 2
a: Berserk, Trog's Hand, Brothers in Arms, Burn Spellbooks, Renounce Religion


You were on level 13 of the Dungeon.
You worshipped Trog.
Trog was greatly pleased with you.
You were very hungry.

You visited 1 branch of the dungeon, and saw 13 of its levels.

You collected 798 gold pieces.

Inventory:

Hand Weapons
 b - a +3 scimitar of flaming
 I - the +4 hand axe "Ometh" {protect, Str+8 Dex-3}
   (You found it on level 4 of the Dungeon)

   It protects the one who uses it against injury (+AC on strike).
   It affects your strength (+8).
   It affects your dexterity (-3).
 V - the +7 battleaxe of Ruwyrhoh (weapon) {holy, rF+}
   (Trog gifted it to you on level 12 of the Dungeon)

   It has been blessed by the Shining One to cause great damage to the undead
   and demons.
   It protects you from fire.
Armour
 h - a +0 chain mail (worn)
 r - a +0 pair of gloves (worn)
 R - a +0 pair of boots
 U - a +1 pair of boots (worn)
 X - a +2 hat (worn)
Jewellery
 f - a ring of protection from fire (left hand)
 s - an amulet of guardian spirit (around neck)
 Y - a ring of poison resistance (right hand)
Wands
 a - a wand of scattershot (4/9)
 w - a wand of confusion (13/48)
 y - a wand of lightning (3/15)
 K - a wand of iceblast (10/15)
 M - a wand of random effects (28/48)
 O - a wand of iceblast (3/15)
 T - a wand of acid (7/15)
 W - a wand of lightning (7/15)
 Z - a wand of polymorph (15/24)
Scrolls
 c - 6 scrolls of remove curse {unknown}
 e - 5 scrolls of enchant weapon {unknown}
 g - 3 scrolls of acquirement {unknown}
 l - 2 scrolls of enchant armour {unknown}
 n - 4 scrolls of blinking {unknown}
 p - a scroll of fog {unknown}
 t - a scroll of fear {unknown}
 x - 2 scrolls of amnesia {unknown}
 G - a scroll of recharging {unknown}
 H - 3 scrolls of teleportation
 L - 4 scrolls of magic mapping {unknown}
 S - a scroll of summoning {unknown}
Potions
 i - 5 potions of agility {unknown}
 j - 2 potions of flight
 k - 5 potions of curing {unknown}
 m - a potion of resistance {unknown}
 q - a potion of haste {unknown}
 v - a potion of might
 z - 4 potions of lignification {unknown}
 A - a potion of cancellation {unknown}
 C - a potion of heal wounds
 E - a potion of invisibility
Miscellaneous
 N - a crystal ball of energy
Comestibles
 d - 6 royal jellies
 o - 4 chunks of flesh
 B - 8 fruits
 F - 5 meat rations
 P - 4 bread rations


   Skills:
 * Level 12.7 Fighting
 * Level 15.9 Axes
 + Level 10.3 Armour
 + Level 4.2 Dodging


You had 10 spell levels left.
You didn't know any spells.

Dungeon Overview and Level Annotations

Branches:
Dungeon (13/15)            Temple (0/1) D:4            Lair (0/6) D:11
    Orc (0/2) D:12
 Vaults: D:13-14

Altars:
Ashenzari
Dithmenos
Elyvilon
Fedhas
Hepliaklqana
Kikubaaqudgha
Makhleb
Trog
Vehumet
Xom
Yredelemnul

Shops:
D:13 =

Annotations:
D:13 819 gp refl amulet


Innate Abilities, Weirdness & Mutations

You reflexively headbutt those who attack you in melee.
You have a pair of horns on your head.


Message History

The titanic slime creature closely misses you.
Trog will no longer gift you weapons.
You slice the titanic slime creature!!
You headbutt the titanic slime creature!
The titanic slime creature is severely wounded.
The titanic slime creature hits you!!!!
* * * LOW HITPOINT WARNING * * *
You slice the titanic slime creature!!
The titanic slime creature is severely wounded.
You slice the titanic slime creature!!
Your headbutt misses the titanic slime creature.
The titanic slime creature is almost dead.
The titanic slime creature hits you but does no damage.
You slice the titanic slime creature!!
You headbutt the titanic slime creature!
The titanic slime creature is almost dead.
You slash the titanic slime creature!
The titanic slime creature is almost dead.
The titanic slime creature hits you!!!
You die...

#. #.# #.##.# # #. #.#
###.##.###.###
#.##.####.(.....>.....
#.........#.#...##.###
#..#.######.)....#
#..#.# #)#...##.#
#....# #..∩.....#
##.### ###..#####
#.### ##@# #...# #J#
###.# #.$.# #.#
#.....# ##.##
#.......#
#####...####.........#
...........+..=......+
###.#...####.........#
#.##.## ##.......##


You could see a titanic slime creature.

Vanquished Creatures
  3 two-headed ogres
  A catoblepas (D:13)
  Erica (D:8)
  A death knight (D:10)
  A tengu warrior (D:13)
  Pikel (D:8)
  A cyclops (D:12)
  A manticore (D:11)
  3 trolls (D:11)
  A hornet (D:11)
  A hippogriff (D:8)
  A spriggan (D:10)
  A yak (D:11)
  A basilisk (D:11)
  2 hungry ghosts
  2 water moccasins (D:7)
  A warg (D:12)
  6 soldier ants
  Duvessa (D:5)
  A sky beast (D:4)
  An orc warrior (D:12)
  5 ice beasts
  An eye of draining (D:8)
  6 phantoms
  3 ogres
  17 centaurs
  2 crocodiles
  9 bullfrogs
  The ghost of yuiop the Digger, an amateur SpEE of Sif Muna (D:3)
  Dowan (D:5)
  19 killer bees
  2 scorpions
  2 wights (D:13)
  6 howler monkeys
  3 crimson imps
  2 gnoll shamans
  4 jellies
  3 orc priests
  4 hounds
  4 centaur skeletons
  5 orc wizards
  Jessica (D:2)
  2 iguanas
  10 worker ants
  A hound zombie (D:8)
  A hound skeleton (D:6)
  A howler monkey zombie (D:5)
  A worker ant zombie (D:5)
  22 gnolls
  A howler monkey skeleton (D:7)
  15 adders
  3 shadow imps
  2 adder zombies
  A worm (D:3)
  2 dart slugs (D:1)
  2 leopard geckos
  25 orcs
  2 giant cockroaches
  6 goblins
  6 hobgoblins
  5 jackals
  7 quokkas
  A ball python (D:4)
  5 bats
  3 frilled lizards
  2 jackal zombies
  6 kobolds
  A leopard gecko zombie (D:7)
  6 rats
271 creatures vanquished.

Vanquished Creatures (collateral kills)
  A hippogriff (D:11)
  A water moccasin (D:7)
  A soldier ant (D:7)
  A black bear (D:11)
  A crocodile (D:11)
  A wight (D:13)
  A worker ant (D:7)
7 creatures vanquished.

Grand Total: 278 creatures vanquished

Notes
Turn   | Place    | Note
-------+----------+-------------------------------------------
     0 | D:1      | robertstho the Minotaur Berserker began the quest for the Orb.
     0 | D:1      | Reached XP level 1. HP: 19/19 MP: 0/0
   256 | D:1      | Reached XP level 2. HP: 19/27 MP: 1/1
   685 | D:1      | Reached skill level 4 in Axes
   861 | D:2      | Reached XP level 3. HP: 34/34 MP: 2/2
  1152 | D:2      | Reached ** piety under Trog
  1297 | D:2      | Reached XP level 4. HP: 41/41 MP: 3/3
  1314 | D:2      | Reached skill level 5 in Axes
  1804 | D:2      | Reached skill level 5 in Fighting
  1989 | D:2      | Found an ancient bone altar of Kikubaaqudgha.
  2023 | D:2      | Noticed Jessica
  2027 | D:2      | Killed Jessica
  2027 | D:2      | Reached XP level 5. HP: 47/48 MP: 4/4
  2133 | D:3      | Noticed yuiop's ghost (amateur SpEE)
  2137 | D:3      | Killed yuiop's ghost
  2212 | D:3      | Reached skill level 6 in Axes
  2381 | D:3      | Reached XP level 6. HP: 33/56 MP: 5/5
  2789 | D:4      | Noticed a sky beast
  2796 | D:4      | Killed a sky beast
  2933 | D:4      | Reached skill level 7 in Axes
  2999 | D:4      | Got a transparent hand axe
  3000 | D:4      | Identified the +4 hand axe "Ometh" {protect, Str+8 Dex-3} (You found it on level 4 of the Dungeon)
  3120 | D:4      | Found a staircase to the Ecumenical Temple.
  3158 | D:4      | Found a blossoming altar of Fedhas.
  3163 | D:4      | Reached XP level 7. HP: 48/62 MP: 6/6
  3325 | D:5      | Entered Level 5 of the Dungeon
  3332 | D:5      | Reached *** piety under Trog
  3332 | D:5      | Reached skill level 8 in Axes
  3505 | D:5      | Reached skill level 5 in Armour
  3548 | D:5      | Noticed Duvessa
  3548 | D:5      | Noticed Dowan
  3558 | D:5      | Killed Duvessa
  3570 | D:5      | Killed Dowan
  3570 | D:5      | Reached XP level 8. HP: 71/71 MP: 7/7
  3791 | D:5      | Reached skill level 9 in Axes
  4221 | D:6      | Found a bloodstained altar of Trog.
  4227 | D:6      | Found a shattered altar of Ashenzari.
  4230 | D:6      | Found a radiant altar of Vehumet.
  4231 | D:6      | Found a white marble altar of Elyvilon.
  4236 | D:6      | Found a basalt altar of Yredelemnul.
  4920 | D:6      | Found a shadowy altar of Dithmenos.
  4952 | D:7      | Found a burning altar of Makhleb.
  4962 | D:7      | Reached skill level 10 in Axes
  4966 | D:7      | Found a hazy altar of Hepliaklqana.
  5006 | D:7      | You fall through a shaft for 3 floors!
  5006 | D:10     | Entered Level 10 of the Dungeon
  5075 | D:8      | Found a shimmering altar of Xom.
  5076 | D:8      | Noticed Erica
  5089 | D:8      | Killed Erica
  5089 | D:8      | Reached skill level 11 in Axes
  5089 | D:8      | Reached XP level 9. HP: 80/81 MP: 8/8
  5255 | D:8      | Reached **** piety under Trog
  5346 | D:8      | Reached skill level 12 in Axes
  5607 | D:8      | Noticed Pikel
  5628 | D:8      | Killed Pikel
  5803 | D:7      | Found a white marble altar of Elyvilon.
  5880 | D:7      | Reached XP level 10. HP: 85/91 MP: 9/9
  5896 | D:7      | Reached skill level 13 in Axes
  5936 | D:7      | Found a shadowy altar of Dithmenos.
  5974 | D:7      | Found a runed door.
  5983 | D:7      | Found a runed gate.
  5984 | D:7      | Found a runed door.
  5997 | D:7      | Found a runed gate.
  5997 | D:7      | Found a runed gate.
  6666 | D:9      | Reached skill level 14 in Axes
  6725 | D:9      | Reached skill level 10 in Fighting
  6762 | D:9      | Reached ***** piety under Trog
  7264 | D:10     | Noticed a two-headed ogre
  7276 | D:10     | Killed a two-headed ogre
  7333 | D:10     | Noticed a death knight
  7346 | D:10     | Killed a death knight
  7956 | D:10     | Reached XP level 11. HP: 90/101 MP: 8/10
  8382 | D:11     | Found a staircase to the Lair.
  8416 | D:11     | Reached skill level 15 in Axes
  9269 | D:12     | Noticed a two-headed ogre
  9288 | D:12     | Killed a two-headed ogre
  9345 | D:12     | Found a frozen archway.
  9485 | D:12     | Reached skill level 10 in Armour
  9531 | D:12     | Found a staircase to the Orcish Mines.
  9558 | D:12     | Received a gift from Trog
  9559 | D:12     | Got an encrusted battleaxe {god gift}
  9560 | D:12     | Identified the +7 battleaxe of Ruwyrhoh {holy, rF+} (Trog gifted it to you on level 12 of the Dungeon)
 10084 | D:13     | Noticed a catoblepas
 10127 | D:13     | Killed a catoblepas
 10271 | D:13     | Found Heux Keyl's Jewellery Shoppe.
 10271 | D:13     | Noticed a two-headed ogre
 10271 | D:13     | Noticed a tengu warrior
 10279 | D:13     | Killed a two-headed ogre
 10280 | D:13     | Killed a tengu warrior
 10327 | D:13     | Annihilated by a titanic slime creature

Skill      XL: |  1  2  3  4  5  6  7  8  9 10 11 |
---------------+----------------------------------+-----
Fighting       | 4 5 6 7 9 10 12 | 12.7
Axes           | 4 5 6 7 8 11 12 14 15 | 15.9
Armour         | 3 4 5 6 7 8 10 | 10.3
Dodging        | 3 4 |  4.2

Action                   |  1- 3 |  4- 6 |  7- 9 | 10-12 || total
-------------------------+-------+-------+-------+-------++-------
Melee: Hand axe          |    73 |    77 |   204 |   383 ||   737
       Headbutt          |    14 |    16 |    45 |   101 ||   176
       Battleaxe         |       |       |       |    48 ||    48
Invok: Berserk           |     1 |     1 |       |     5 ||     7
       Trog's Hand       |       |     1 |       |     6 ||     7
       Brothers in Arms  |       |       |       |     3 ||     3
       Burn Spellbooks   |       |       |       |     1 ||     1
  Use: Scroll            |       |       |     4 |     3 ||     7
       Potion            |       |       |       |     1 ||     1
 Stab: Petrified         |       |       |       |     1 ||     1
  Eat: Bread ration      |     1 |     1 |     1 |     1 ||     4
       Chunk             |       |     2 |     2 |    10 ||    14
       Meat ration       |       |       |       |     2 ||     2
Armor: Chain mail        |    34 |    48 |    93 |   188 ||   363
Dodge: Dodged            |    29 |    29 |    86 |   172 ||   316
